Map: Paisaje nocturno EE

Players

MoeMoe

  • Race: Zerg Zerg
  • League: Bronze
  • Spawn Location: 7:00

Brooin

  • Race: Terran Terran
  • Spawn Location: 7:00

TATORREA - Winner!

  • Race: Protoss Protoss
  • League: Gold
  • Spawn Location: 1:00

MrFercho - Winner!

  • Race: Zerg Zerg
  • League: Gold
  • Spawn Location: 1:00

VOD

Have the link to the VOD?

Description

Time

  • Played on: July 26, 2020, 8:35 p.m.
  • Length: 14:43
Show
View Real Time Build Order
Export as new Build Order

MoeMoe Zerg 

Build Orders: Hatch First 

Get SALT Encoding   

  12  0:02  Drone  
  13  0:31  Hatchery  
  12  0:41  Drone x2, Extractor  
  13  0:51  Overlord  
  13  1:06  Drone  
  14  1:14  Spawning Pool  
  13  1:20  Drone  
  14  1:36  Drone  
  15  1:44  Drone x2  
  17  2:07  Zergling x4  
  19  2:09  Metabolic Boost  
  19  2:11  Zergling x6  
  22  2:20  Overlord  
  22  2:23  Zergling x2  
  22  2:26  Zergling x2  
  24  2:32  Zergling x2  
  24  2:36  Zergling x2  
  26  2:41  Zergling x2  
  27  2:45  Zergling x2  
  28  2:53  Zergling x2  
  28  2:55  Zergling x2  
  30  3:02  Zergling x2  
  31  3:06  Zergling x2  
  32  3:13  Zergling x2  
  32  3:16  Zergling x2  
  34  3:21  Queen  
  36  3:28  Overlord  
  19  4:46  Drone  
  19  4:47  Drone x2  
  22  4:55  Roach Warren  
  21  5:04  Drone  
  22  5:21  Drone x2  
  22  5:26  Lair  
  24  5:30  Drone  
  25  5:45  Hatchery  
  24  5:51  Roach x7  
  24  5:52  Roach x2  
  42  6:12  Roach  
  44  6:24  Overlord x2  
  44  6:35  Glial Reconstitution  
  44  6:44  Roach x5  
  44  6:45  Roach x2  
  58  6:47  Overlord x2  
  58  6:49  Drone  
  59  6:58  Extractor  
  59  6:59  Queen, Drone  
  61  7:01  Queen  
  61  7:03  Drone  
  61  7:05  Extractor  
  63  7:11  Roach x4  
  63  7:15  Roach  
  73  7:32  Drone x2  
  73  7:35  Drone x2  
  73  7:36  Drone  
  78  7:42  Drone  
  79  7:50  Overlord x3  
  79  8:00  Infestation Pit  
  79  8:04  Drone x2  
  80  8:06  Drone x2  
  82  8:23  Drone x3  
  85  8:32  Ravager x2  
  85  8:33  Ravager x3  
  90  8:57  Drone x3  
  105  9:17  Overlord x3  
  105  9:22  Drone, Extractor  
  58  10:26  Extractor  
  76  10:34  Drone x2, Extractor  
  77  10:38  Queen  
  77  10:40  Queen  
  81  10:43  Drone x2  
  83  10:50  Spire  
  83  10:54  Drone  
  83  10:55  Drone  
  85  11:04  Drone x3  
  85  11:08  Overlord  
  87  11:15  Burrow  
  87  11:38  Drone x7  
  94  11:40  Hatchery, Drone  
  103  12:26  Queen  
  103  12:28  Corruptor x3  
  103  12:29  Corruptor x5  
  119  12:34  Corruptor x2  
  119  12:35  Corruptor x2  
  129  12:40  Zerg Flyer Weapons Level 1  
  129  12:45  Overlord  
  129  12:46  Overlord  
  129  12:50  Drone  
  129  12:51  Drone x6  
  133  12:52  Drone x2  
  133  12:53  Queen  
  133  12:54  Drone  
Show
View Real Time Build Order
Export as new Build Order

Brooin Terran 

Build Orders:  

Get SALT Encoding   

  12  0:02  SCV  
  13  0:14  SCV  
  13  0:19  Supply Depot  
  14  0:25  Refinery  
  14  0:32  SCV  
  15  0:43  Barracks  
  15  0:47  SCV  
  16  1:21  Command Center  
  16  1:24  SCV  
  17  1:35  Barracks Reactor  
  17  1:37  SCV  
  18  1:45  Engineering Bay  
  18  1:49  SCV  
  19  2:01  Barracks  
  19  2:04  SCV  
  20  2:11  Marine  
  20  2:12  Marine  
  22  2:28  SCV, Factory  
  23  2:33  Marine  
  24  2:44  Terran Infantry Weapons Level 1  
  24  2:53  Barracks Tech Lab  
  24  2:58  SCV, Refinery  
  25  3:00  SCV  
  26  3:07  Marine  
  26  3:10  SCV  
  28  3:13  Concussive Shells  
  28  3:21  Marauder  
  28  3:22  SCV  
  28  3:25  SCV  
  32  3:27  Marine  
  32  3:29  Factory Tech Lab  
  33  3:38  SCV  
  33  3:41  SCV  
  35  3:42  Marine  
  36  3:52  Orbital Command  
  36  3:58  Supply Depot, Combat Shield  
  36  4:03  Orbital Command  
  36  4:19  Marauder, Siege Tank  
  41  4:38  Marine x2  
  41  4:43  Refinery  
  43  4:51  Siege Tank  
  46  5:04  Marine x2  
  48  5:07  Supply Depot  
  48  5:08  SCV  
  48  5:12  SCV  
  50  5:20  SCV  
  50  5:21  Marauder  
  53  5:22  Marine  
  54  5:29  SCV, Marine, Siege Tank  
  54  5:33  Starport  
  59  5:37  Supply Depot  
  59  5:39  Marine  
  59  5:41  Supply Depot, Marine  
  61  5:43  SCV  
  62  5:56  SCV, Marine  
  62  5:57  Marine  
  45  6:12  Marine  
  45  6:14  Marine  
  45  6:15  Marine  
  48  6:22  Liberator  
  51  6:27  Barracks  
  51  6:30  Marine  
  51  6:32  Marine  
  53  6:33  Marine  
  54  6:40  Siege Tank  
  57  6:48  Marine  
  57  6:49  Command Center  
  57  6:50  Marine  
  57  6:51  Marine  
  60  6:58  Stimpack  
  60  7:02  Terran Infantry Armor Level 1  
  60  7:06  Marine  
  60  7:08  Marine  
  62  7:09  Marine  
  62  7:12  SCV, Widow Mine  
  62  7:14  Refinery  
  66  7:21  Liberator  
  69  7:23  Marine  
  69  7:24  SCV  
  69  7:26  Marine x2, Starport  
  73  7:32  Starport  
  73  7:34  Widow Mine  
  73  7:35  SCV  
  73  7:36  SCV  
  77  7:43  Marine  
  78  7:47  Marine  
  78  7:48  Marauder  
  78  7:51  Supply Depot  
  81  7:55  Siege Tank  
  81  7:58  Factory  
  84  8:01  Factory  
  84  8:13  Barracks Reactor  
  84  8:14  Supply Depot  
  84  8:15  Marine x3  
  87  8:25  SCV  
  88  8:27  Cyclone  
  88  8:33  Marine x3  
  94  8:37  SCV  
  71  8:51  Marine x3  
  60  9:03  Refinery  
  60  9:07  Viking x3  
  60  9:09  Marine x2  
  68  9:14  Armory  
  68  9:24  SCV  
  69  9:25  Marine  
  69  9:26  Marine x3  
  73  9:36  SCV  
  73  9:37  Viking x2  
  78  9:48  SCV  
  79  9:54  Marine x2  
  79  9:55  Marine x3  
  79  9:57  Cyclone  
  87  10:00  SCV  
  88  10:12  Marine x3  
  88  10:13  Marine x2  
  72  10:29  Cyclone  
  72  10:30  Marine x4  
  72  10:31  Marine  
  73  10:41  Viking  
  75  10:48  Marine x5  
  80  10:52  SCV  
  81  11:01  Cyclone, Refinery  
  81  11:04  SCV  
  85  11:06  Marine x5  
  85  11:07  Planetary Fortress  
  90  11:16  SCV  
  91  11:25  Factory Tech Lab  
  91  11:26  Factory Tech Lab  
  91  11:28  SCV  
  92  11:33  Thor  
  92  11:38  Terran Vehicle Weapons Level 1  
  98  11:40  SCV, Armory  
  99  11:47  Missile Turret  
  99  11:52  SCV  
  69  12:07  Missile Turret  
  66  12:11  Marine x3  
  66  12:12  Marine x2  
  66  12:14  Thor  
  77  12:16  Thor  
  77  12:21  Viking x2  
  87  12:25  Viking  
  87  12:29  Missile Turret, Marine x5  
  92  12:33  Thor  
  100  12:47  Armory, Marine x4  
  100  12:48  Terran Vehicle And Ship Armor Level 1  
  104  12:51  Missile Turret  
  104  12:57  Thor  
  110  13:13  Missile Turret  
  110  13:34  Missile Turret  
Show
View Real Time Build Order
Export as new Build Order

TATORREA Protoss - Winner!

Build Orders:  

Get SALT Encoding   

  12  0:06  Probe  
  13  0:18  Probe  
  14  0:27  Pylon  
  14  0:30  Probe  
  15  0:45  Probe  
  16  0:51  Gateway  
  16  0:55  Probe  
  16  0:58  Assimilator  
  16  1:01  Pylon  
  16  1:03  Probe  
  18  1:11  Probe  
  19  1:23  Probe  
  20  1:36  Probe  
  21  2:05  Cybernetics Core  
  21  2:12  Nexus  
  21  2:13  Pylon  
  21  2:20  Probe  
  21  2:22  Gateway  
  21  2:25  Gateway  
  21  2:28  Probe  
  22  2:30  Assimilator  
  23  2:37  Probe  
  24  2:44  Warp Gate  
  24  2:45  Stalker  
  24  2:49  Probe  
  27  3:01  Probe  
  28  3:12  Probe  
  28  3:19  Shield Battery  
  29  3:20  Probe, Robotics Facility  
  29  3:25  Probe  
  29  3:26  Pylon  
  31  3:28  Probe  
  31  3:33  Stalker  
  34  3:37  Probe, Sentry  
  34  3:40  Adept  
  39  3:42  Probe  
  40  3:49  Probe  
  40  3:54  Probe  
  42  3:58  Pylon  
  42  4:01  Probe  
  43  4:06  Probe  
  40  4:27  Probe x2  
  42  4:38  Adept x3  
  40  4:39  Probe x2  
  46  4:50  Assimilator  
  46  4:54  Assimilator  
  46  4:57  Shield Battery  
  46  5:09  Stargate  
  46  5:11  Stargate  
  46  5:14  Probe x2  
  48  5:16  Immortal  
  48  5:26  Probe x2  
  54  5:32  Zealot  
  54  5:33  Zealot x2  
  60  5:48  Probe, Gateway  
  60  5:49  Probe  
  62  5:50  Gateway  
  62  5:55  Gateway  
  60  6:17  Stalker  
  60  6:18  Stalker x2  
  66  6:22  Void Ray  
  70  6:33  Pylon  
  70  6:38  Pylon  
  70  6:48  Pylon  
  70  6:49  Pylon  
  70  6:51  Void Ray  
  74  7:00  Nexus  
  74  7:02  Pylon  
  74  7:04  Probe  
  74  7:05  Probe  
  74  7:07  Pylon  
  76  7:16  Probe  
  76  7:17  Probe  
  76  7:19  Fleet Beacon  
  78  7:24  Forge  
  78  7:25  Forge  
  78  7:27  Void Ray, Forge  
  82  7:30  Cybernetics Core  
  82  7:33  Stalker x2  
  86  7:39  Probe  
  86  7:40  Probe  
  88  7:47  Probe  
  88  7:48  Probe  
  88  7:49  Assimilator  
  89  7:55  Probe, Immortal, Assimilator  
  89  7:56  Probe  
  94  7:59  Phoenix  
  98  8:07  Probe x2  
  98  8:10  Stalker x2  
  104  8:14  Stalker  
  106  8:35  Observer  
  85  9:18  Zealot x5  
  85  9:19  Zealot  
  97  9:35  Gateway  
  97  9:37  Probe x2  
  99  9:44  Stalker x3  
  99  9:45  Stalker  
  107  9:46  Void Ray  
  107  9:47  Void Ray, Immortal  
  111  9:53  Robotics Bay  
  111  9:54  Flux Vanes  
  111  9:58  Protoss Air Weapons Level 1  
  106  10:29  Void Ray x2  
  106  10:34  Protoss Air Armor Level 1  
  114  10:45  Immortal  
  114  10:46  Extended Thermal Lance  
  118  10:52  Stalker  
  118  10:53  Stalker x2  
  124  11:06  Pylon  
  124  11:07  Pylon  
  124  11:16  Pylon  
  124  11:21  Protoss Shields Level 1, Protoss Ground Armor Level 1, Protoss Ground Weapons Level 1  
  124  11:24  Void Ray x2, Colossus  
  138  11:28  Pylon  
  138  11:33  Pylon  
  138  11:38  Pylon  
  138  12:07  Tempest, Carrier  
  149  12:10  Stalker x3  
  149  12:11  Stalker x3  
  161  12:25  Nexus  
  161  12:26  Pylon  
  161  12:29  Pylon, Colossus  
  167  12:36  Zealot x3  
  173  12:48  Pylon  
  173  12:50  Carrier  
  179  12:51  Pylon  
  179  12:56  Twilight Council  
  179  13:09  Pylon  
  179  13:14  Pylon  
  179  13:15  Tempest  
  184  13:20  Assimilator  
  184  13:23  Pylon  
  184  13:26  Assimilator  
  184  13:27  Pylon  
  184  13:28  Gateway  
  184  13:30  Shield Battery  
  184  13:32  Shield Battery  
  184  13:34  Gateway  
  184  13:37  Stalker x2  
  184  13:39  Shield Battery  
  188  13:42  Shield Battery  
  137  14:35  Zealot x2  
  137  14:36  Zealot x2  
  137  14:37  Zealot x4  
Show
View Real Time Build Order
Export as new Build Order

MrFercho Zerg - Winner!

Build Orders: Hatch First, Lurkers, Roach Hydra 

Get SALT Encoding   

  12  0:01  Drone  
  13  0:16  Overlord  
  13  0:17  Drone  
  14  0:38  Drone x2  
  14  0:39  Drone  
  17  0:58  Drone  
  17  1:01  Hatchery  
  17  1:02  Drone  
  18  1:12  Extractor  
  18  1:16  Spawning Pool  
  16  1:19  Drone  
  16  1:24  Drone  
  18  1:33  Drone  
  19  1:48  Drone  
  20  1:56  Overlord  
  20  2:05  Queen  
  22  2:13  Queen  
  22  2:15  Zergling x4  
  26  2:19  Metabolic Boost  
  26  2:22  Drone  
  27  2:24  Overlord  
  27  2:26  Drone  
  28  2:40  Drone x2  
  30  2:47  Drone  
  30  2:51  Queen  
  31  2:54  Lair  
  31  2:55  Drone  
  31  2:57  Drone  
  35  2:59  Drone  
  36  3:09  Drone  
  36  3:10  Drone  
  38  3:13  Drone  
  38  3:14  Drone x2  
  38  3:18  Drone  
  42  3:24  Drone x2  
  42  3:26  Overlord  
  44  3:27  Overlord  
  44  3:38  Extractor  
  44  3:41  Extractor  
  42  4:00  Roach Warren  
  41  4:03  Zergling x10  
  41  4:04  Zergling x2  
  46  4:14  Zergling x12  
  44  4:50  Drone  
  44  4:51  Drone x2  
  47  4:53  Roach x3  
  47  4:54  Glial Reconstitution  
  53  5:04  Queen  
  55  5:12  Queen  
  57  5:15  Overlord x2  
  57  5:17  Drone x2  
  57  5:19  Drone  
  60  5:39  Roach x6  
  63  6:12  Roach x6  
  75  6:28  Overlord  
  75  6:29  Overlord x3  
  75  6:48  Drone x3  
  75  6:49  Drone x2  
  75  6:50  Drone x2  
  75  6:53  Extractor  
  81  6:55  Hydralisk Den  
  81  6:59  Evolution Chamber  
  79  7:01  Drone x2  
  79  7:02  Evolution Chamber  
  80  7:15  Pneumatized Carapace  
  80  7:23  Drone x3  
  80  7:26  Hatchery  
  80  7:27  Tunneling Claws  
  82  7:45  Muscular Augments  
  82  7:48  Zerg Missile Weapons Level 1, Zerg Ground Armor Level 1  
  82  7:53  Overseer  
  82  7:57  Drone x12  
  94  8:04  Overseer x2  
  94  8:08  Spore Crawler  
  93  8:13  Spore Crawler  
  92  8:33  Overlord x2  
  92  8:34  Overlord  
  92  8:35  Overlord  
  92  8:36  Hydralisk x3  
  92  8:38  Overlord x2  
  98  8:46  Spore Crawler  
  97  8:48  Spore Crawler  
  97  8:50  Spore Crawler  
  95  8:57  Ravager x4, Grooved Spines  
  95  9:00  Roach x6  
  87  9:44  Hydralisk x3  
  87  9:45  Hydralisk x10  
  96  9:56  Queen  
  98  10:05  Spine Crawler  
  97  10:09  Spine Crawler  
  96  10:20  Hydralisk x8  
  92  10:34  Extractor  
  92  10:35  Extractor  
  90  10:42  Infestation Pit, Zerg Ground Armor Level 2, Zerg Missile Weapons Level 2  
  89  10:50  Overlord x3  
  89  10:51  Hatchery  
  88  11:09  Lurker Den  
  87  11:13  Drone x3  
  87  11:14  Drone x2  
  87  11:15  Drone  
  87  11:16  Drone x2  
  95  11:21  Drone  
  95  11:22  Drone x2  
  98  11:28  Overseer  
  98  11:29  Overseer  
  98  11:51  Overlord x3  
  94  11:58  Hydralisk  
  94  11:59  Hydralisk x6  
  106  12:09  Hive  
  106  12:16  Hydralisk x4  
  106  12:19  Lurker x2  
  106  12:20  Lurker x2  
  118  12:38  Overlord x3  
  118  12:39  Hydralisk  
  118  12:40  Hydralisk x4  
  128  13:01  Hatchery  
  128  13:04  Zergling x16  
  135  13:07  Hatchery  
  134  13:22  Seismic Spines  
  134  13:28  Hydralisk x7  
  134  13:29  Hydralisk x2  
  152  13:47  Hydralisk  
  152  13:48  Hydralisk x7  
  154  13:50  Overlord x4  
  154  13:51  Overlord x2  
  152  14:13  Hydralisk x8  
  152  14:14  Hydralisk x2  
  161  14:17  Zergling x2  
  161  14:18  Zergling x14  
Tags
 
Add a new tag
Caveats
  • Supply blocks, unpowered buildings, or Contaminate may cause inaccurate times.
  • Supply counts are checked every 10 seconds.